 Dungeon Crawl Stone Soup version 0.22.1-6-g1668fe2c40 (webtiles) character file.

70968 Gargoyl the Corrupter of Planes (level 14, -2/119 HPs)
             Began as a Centaur Abyssal Knight on Jan 25, 2019.
             Was the Champion of Lugonu.
             Slain by Agnes
             ... wielding a +6 lajatang of electrocution
              (13 damage)
             ... on level 15 of the Dungeon.
             The game lasted 00:43:17 (25227 turns).

Gargoyl the Corrupter of Planes (CeAK)             Turns: 25227, Time: 00:43:18

Health: -2/119     AC: 26    Str: 21    XL:     14   Next: 96%
Magic:  16/23      EV:  9    Int: 11    God:    Lugonu [******]
Gold:   850        SH:  0    Dex: 12    Spells: 13/13 levels left

rFire    . . .     SeeInvis .   d - +5 whip (elec)
rCold    + . .     Gourm    .   W - +0 shield
rNeg     + + +     Faith    .   R - +0 chain mail of the Unbroken {rN+ Str+4}
rPois    +         Spirit   .   G - +2 helmet
rElec    .         Reflect  .   y - +0 cloak
rCorr    .         Harm     .   f - +0 pair of gloves
MR       +....                  x - +3 centaur barding {Fly}
Stlth    ..........             P - amulet of regeneration
HPRegen  0.69/turn              I - ring of poison resistance
MPRegen  0.18/turn              M - ring "Waero" {*Drain rC+ rN+++ EV+3}

@: confused, flying, very quick
A: large, hooves 3, deformed body, speed 2, tough skin 3
a: Depart the Abyss, Bend Space, Banish, Corrupt, Enter the Abyss, Brand Weapon
With Distortion, Renounce Religion, Stop Flying


You were on level 15 of the Dungeon.
You worshipped Lugonu.
Lugonu was exalted by your worship.
You were very hungry.

You visited 2 branches of the dungeon, and saw 21 of its levels.
You visited the Abyss 1 time.
You also visited: Bailey.

You collected 1450 gold pieces.
You spent 600 gold pieces at shops.

Inventory:

Hand Weapons
 d - a +5 whip of electrocution (weapon)
 t - a +2 war axe
 B - a +2 hand axe of flaming
Missiles
 V - 23 tomahawks (quivered)
Armour
 f - a +0 pair of gloves (worn)
 x - a +3 centaur barding of flying (worn)
 y - a +0 cloak (worn)
 G - a +2 helmet (worn)
 R - the +0 chain mail of the Unbroken (worn) {rN+ Str+4}
   (You found it on level 6 of the Lair of Beasts)

   It affects your strength (+4).
   It protects you from negative energy.
 W - a +0 shield (worn)
Jewellery
 z - an uncursed ring of resist corrosion
 H - an uncursed ring of see invisible
 I - a ring of poison resistance (left hand)
 M - the ring "Waero" (right hand) {*Drain rC+ rN+++ EV+3}
   (You found it on level 2 of the Lair of Beasts)

   [ring of evasion]

   It affects your evasion (+3).
   It protects you from cold.
   It renders you almost immune to negative energy.
   It causes draining when unequipped.
 P - an amulet of regeneration (around neck)
Wands
 w - a wand of disintegration (28)
 E - a wand of clouds (6)
 F - a wand of iceblast (23)
 J - a wand of enslavement (10)
 L - a wand of digging (31)
 N - a wand of random effects (16)
 Q - a wand of paralysis (11)
 U - a wand of acid (8)
Scrolls
 e - 14 scrolls of teleportation
 g - 11 scrolls of remove curse
 j - 3 scrolls of identify
 p - 6 scrolls of blinking
 q - 3 scrolls of amnesia
 s - a scroll of magic mapping
 u - 3 scrolls of fog
 A - a scroll of fear
Potions
 a - 2 potions of magic
 b - a potion of lignification
 h - 5 potions of curing
 i - a potion of resistance
 k - 3 potions of berserk rage
 l - 6 potions of flight
 m - 3 potions of heal wounds
 o - 2 potions of cancellation
 v - 2 potions of agility
 K - 2 potions of brilliance {unknown}
 O - a potion of haste
Miscellaneous
 T - a lightning rod (4/4)
Comestibles
 c - 26 rations
 n - a chunk of flesh


   Skills:
 + Level 9.9 Fighting
 - Level 1.7(7.6) Axes
 + Level 11.5 Maces & Flails
 + Level 2.6 Throwing
 * Level 10.8 Armour
 * Level 9.1 Dodging
 + Level 4.2 Shields
 * Level 12.2 Invocations


You had 13 spell levels left.
You didn't know any spells.
Your spell library contained the following spells:

 Spells                   Type           Power        Failure   Level  Hunger
 Animate Skeleton         Necr           N/A          99%         1    ##.....
 Apportation              Tloc           #.....       99%         1    ##.....
 Confusing Touch          Hex            #.....       99%         1    ##.....
 Corona                   Hex            #......      99%         1    ##.....
 Magic Dart               Conj           #...         99%         1    ##.....
 Sandblast                Erth           #.....       99%         1    ##.....
 Summon Small Mammal      Summ           #...         99%         1    ##.....
 Blink                    Tloc           N/A          100%        2    ###....
 Ensorcelled Hibernation  Hex/Ice        #.....       100%        2    ###....
 Passwall                 Tmut/Erth      #.......     100%        2    ###....
 Searing Ray              Conj           #.....       100%        2    ###....
 Shroud of Golubria       Chrm/Tloc      #.........   100%        2    ###....
 Slow                     Hex            #.......     100%        2    ###....
 Swiftness                Chrm/Air       #.......     100%        2    ###....
 Confuse                  Hex            #.......     100%        3    ####...
 Dazzling Spray           Conj/Hex       #.....       100%        3    ####...
 Gell's Gravitas          Tloc           #.........   100%        3    ####...
 Inner Flame              Hex/Fire       #.......     100%        3    ####...
 Lesser Beckoning         Tloc           #.........   100%        3    ####...
 Portal Projectile        Hex/Tloc       #.....       100%        3    ####...
 Stone Arrow              Conj/Erth      #.....       100%        3    ####...
 Teleport Other           Tloc           #.......     100%        3    ####...
 Tukima's Dance           Hex            #.......     100%        3    ####...
 Cause Fear               Hex            #.........   100%        4    #####..
 Force Lance              Conj/Tloc      #.......     100%        4    #####..
 Fulminant Prism          Conj/Hex       #.........   100%        4    #####..
 Iskenderun's Mystic Bla  Conj           #.......     100%        4    #####..
 Leda's Liquefaction      Hex/Erth       #.........   100%        4    #####..
 Passage of Golubria      Tloc           N/A          100%        4    #####..
 Petrify                  Tmut/Erth      #.......     100%        4    #####..
 Bolt of Magma            Conj/Fire/Erth #.........   100%        5    ######.
 Iskenderun's Battlesphe  Conj/Chrm      #.......     100%        5    ######.
 Lee's Rapid Deconstruct  Erth           #.........   100%        5    ######.
 Silence                  Hex/Air        #.........   100%        5    ######.
 Venom Bolt               Conj/Pois      #.........   100%        5    ######.
 Yara's Violent Unravell  Hex/Tmut       #.........   100%        5    ######.
 Darkness                 Hex            #.........   100%        6    #######
 Deflect Missiles         Chrm/Air       #.........   100%        6    #######
 Invisibility             Hex            #.......     100%        6    #######
 Iron Shot                Conj/Erth      #.........   100%        6    #######
 Orb of Destruction       Conj           #.........   100%        7    #######
 Spellforged Servitor     Conj/Summ      #.........   100%        7    #######
 Discord                  Hex            #.........   100%        8    #######


Dungeon Overview and Level Annotations

Branches:
Dungeon (15/15)            Temple (0/1) D:4            Lair (6/6) D:10
 Shoals (0/4) Lair:2        Snake (0/4) Lair:4        Slime (0/5) Lair:5
    Orc (0/2) D:12         Vaults (0/5) D:13
 Depths: D:15

Altars:
Dithmenos
Nemelex Xobeh
Trog
Wu Jian
Jiyva

Shops:
D:10 !   D:11 =   D:14 *

Portals:
Bazaar: D:13
Trove: D:10 (give +6 demon blade)

Annotations:
D:15 Agnes


Innate Abilities, Weirdness & Mutations

You have hooves in place of feet.
Armour fits poorly on your strangely shaped body.
You cover ground very quickly.
You have extremely tough skin. (AC +3)


Message History

Agnes hits you with a lajatang of electrocution!!
* * * LOW HITPOINT WARNING * * *
Press: ? - help, Shift-Dir - straight line, f/p - Agnes
Aim: Agnes, wielding a lajatang of electrocution and wearing a robe (heavily Agnes easily resists.
You feel somewhat more hungry. Agnes closely misses you.
Press: ? - help, Shift-Dir - straight line, f/p - Agnes
Aim: Agnes, wielding a lajatang of electrocution and wearing a robe (heavily Agnes easily resists.
You are feeling very hungry.
You block Agnes's attack. x2
You feel much better.
Agnes hits you with a lajatang of electrocution!
* * * LOW HITPOINT WARNING * * *
You are electrocuted!
* * * LOW HITPOINT WARNING * * *
Okay, then.
You are confused.
You feel invigorated.
Agnes hits you with a lajatang of electrocution!
You die...

# ###....# ##.##.#
#..... #.##.#
##.#.#.# #..#.#
####....#.####.#)#
.....# #.....(#(#
####.# #.....(.(# #
#.# #.....#..# #
#.# #.....#..# #
#.# #.....#.@#
####.####.....#.i#
..............#...
..............#...#
..............#...#
.(............#####
.........######
.........#
.........#


You could see Agnes.

Vanquished Creatures
  Rupert (D:14)
  Nessos (Lair:4)
  4 vault guards (D:13)
  4 centaur warriors
  7 hydras
  3 catoblepae (Lair:6)
  8 two-headed ogres
  5 death yaks (Lair:6)
  An ogre mage (D:15)
  The ghost of H0rd4k the Cutter, a novice HuAr (D:7)
  2 orc knights (Bailey)
  2 deep elf magi
  3 ugly things (D:14)
  4 cyclopes
  5 manticores
  12 elephants
  A merfolk siren (Lair:2)
  4 black mambas
  2 torpor snails (Lair:2)
  9 spiny frogs
  4 gargoyles
  A yaktaur (D:12)
  A rime drake (Lair:5)
  7 komodo dragons
  A harpy zombie (D:14)
  Grinder (D:4)
  A troll (D:12)
  3 tyrant leeches
  A hornet (D:15)
  2 polar bears
  4 blink frogs (Lair:6)
  12 slime creatures
  4 hippogriffs
  5 dream sheep
  A vampire (D:9)
  A shadow (D:15)
  5 wyverns
  47 yaks
  A basilisk (Lair:6)
  A steam dragon (D:9)
  Grum (D:9)
  4 hungry ghosts
  A vampire mosquito (D:13)
  Menkaure (D:6)
  4 swamp worms (Lair:2)
  2 acid dragons
  2 nagas (Lair:4)
  10 water moccasins
  7 porcupines
  6 ice beasts
  5 orc warriors
  A sky beast (D:15)
  4 black bears
  11 ogres
  An eye of draining (D:15)
  3 wolves
  2 centaurs
  12 crocodiles
  5 big kobolds
  Blork the orc (D:4)
  16 bullfrogs
  A wyvern zombie (D:14)
  5 scorpions
  A water moccasin skeleton (D:6)
  10 killer bees
  2 howler monkeys
  3 wights (D:7)
  5 crimson imps
  2 bullfrog zombies
  2 bullfrog skeletons
  4 centaur skeletons
  A jelly (D:8)
  5 orc priests
  8 hounds
  4 orc wizards
  Natasha (D:4)
  3 iguanas
  A hell rat (D:8)
  12 worker ants
  A hound skeleton (D:4)
  2 worker ant zombies
  8 gnolls
  12 river rats (D:8)
  19 adders
  4 shadow imps
  An ooze (D:3)
  An adder skeleton (D:3)
  4 worms
  2 dart slugs (D:1)
  5 leopard geckos
  42 orcs
  3 ball pythons
  5 giant cockroaches
  11 goblins
  5 hobgoblins
  5 jackals
  12 quokkas
  13 bats
  3 frilled lizards (D:2)
  44 kobolds
  A leopard gecko skeleton (D:7)
  18 rats
  2 butterflies (D:4)
  A plant (Lair:6)
575 creatures vanquished.

Vanquished Creatures (collateral kills)
  An ogre (D:11)
  A howler monkey (D:11)
2 creatures vanquished.

Vanquished Creatures (others)
  A fire dragon (D:15)
  An ice dragon (D:15)
  3 oklob plants (Lair:6)
  2 fungi
  10 plants
17 creatures vanquished.

Grand Total: 594 creatures vanquished

Notes
Turn   | Place    | Note
-------+----------+-------------------------------------------
     0 | Abyss:1  | Gargoyl the Centaur Abyssal Knight began the quest for the
                  | Orb.
     0 | Abyss:1  | Reached XP level 1. HP: 19/19 MP: 2/2
    60 | Abyss:1  | Noticed an eidolon
    92 | Abyss:1  | Noticed a purple very ugly thing
   105 | Abyss:1  | Noticed a smoke demon
   195 | Abyss:3  | Noticed a wraith
   198 | Abyss:3  | Noticed an ancient zyme
   213 | Abyss:3  | Noticed a starcursed mass
   215 | D:1      | Escaped the Abyss
   518 | D:1      | Reached XP level 2. HP: 25/26 MP: 3/3
   880 | D:2      | Noticed a crimson imp
  1034 | D:1      | Reached * piety under Lugonu
  1123 | D:2      | Killed a crimson imp
  1123 | D:2      | Reached skill level 1 in Dodging
  1123 | D:2      | Reached XP level 3. HP: 29/33 MP: 4/4
  1278 | D:2      | Reached XP level 4. HP: 36/40 MP: 5/5
  2147 | D:3      | Reached skill level 1 in Maces & Flails
  2379 | D:3      | Reached ** piety under Lugonu
  2388 | D:3      | Reached XP level 5. HP: 13/46 MP: 7/7
  2943 | D:3      | Reached skill level 3 in Invocations
  3007 | D:3      | Reached XP level 6. HP: 34/52 MP: 8/8
  3380 | D:4      | Noticed Grinder
  3381 | D:4      | Paralysed by Grinder for 5 turns
  3400 | D:4      | Killed Grinder
  3400 | D:4      | Reached XP level 7. HP: 39/59 MP: 9/9
  3558 | D:4      | Reached skill level 4 in Invocations
  3757 | D:4      | Found a staircase to the Ecumenical Temple.
  3849 | D:4      | Noticed Natasha
  3853 | D:4      | Killed Natasha
  4010 | D:4      | Reached *** piety under Lugonu
  4019 | D:4      | Noticed Blork the orc
  4032 | D:4      | Killed Blork the orc
  4103 | D:5      | Entered Level 5 of the Dungeon
  4270 | D:5      | Found a sparkling altar of Nemelex Xobeh.
  4576 | D:5      | Reached XP level 8. HP: 42/67 MP: 11/11
  5341 | D:6      | Noticed Menkaure
  5345 | D:6      | Reached skill level 1 in Throwing
  5355 | D:6      | Killed Menkaure
  5567 | D:6      | Reached skill level 5 in Invocations
  6030 | D:7      | Reached skill level 5 in Armour
  6286 | D:7      | Found a runed gate.
  6286 | D:7      | Found a runed gate.
  6286 | D:7      | Found a runed gate.
  6287 | D:7      | Noticed H0rd4k's ghost (novice HuAr)
  6289 | D:7      | Reached XP level 9. HP: 73/73 MP: 13/13
  6311 | D:7      | Killed H0rd4k's ghost
  6311 | D:7      | Reached skill level 5 in Fighting
  6311 | D:7      | Reached skill level 5 in Maces & Flails
  6624 | D:7      | Reached skill level 6 in Invocations
  6662 | D:7      | Found an ornate altar of the Wu Jian Council.
  6834 | D:8      | Reached **** piety under Lugonu
  7544 | D:8      | Found a bloodstained altar of Trog.
  7544 | D:8      | Found a shadowy altar of Dithmenos.
  7880 | D:8      | Identified a scroll of acquirement
  8327 | D:8      | Reached ***** piety under Lugonu
  8679 | D:9      | Reached XP level 10. HP: 81/81 MP: 14/14
  9097 | D:9      | Noticed Grum
  9350 | D:8      | Reached skill level 7 in Invocations
  9580 | D:9      | Killed Grum
  9580 | D:9      | Reached skill level 5 in Dodging
 10412 | D:10     | Entered Level 10 of the Dungeon
 10434 | D:10     | Found a staircase to the Lair.
 10452 | D:10     | Noticed a centaur warrior
 10462 | D:10     | Killed a centaur warrior
 10549 | D:10     | Found Itsidiw's Distillery.
 10552 | D:10     | Bought a potion of heal wounds for 75 gold pieces
 10552 | D:10     | Bought a potion of heal wounds for 75 gold pieces
 10614 | D:10     | Found a portal to a secret trove of treasure.
 10980 | D:11     | Found Fecwev's Jewellery Boutique.
 11310 | D:11     | Noticed a manticore
 11363 | D:11     | Killed a manticore
 11890 | D:11     | Noticed a two-headed ogre
 11898 | D:11     | Killed a two-headed ogre
 11898 | D:11     | Reached XP level 11. HP: 85/89 MP: 16/16
 11990 | D:11     | Bought an uncursed amulet of regeneration for 450 gold
                  | pieces
 12163 | Lair:1   | Entered Level 1 of the Lair of Beasts
 12448 | Lair:1   | Reached skill level 8 in Invocations
 13455 | Lair:2   | Reached skill level 1 in Shields
 13763 | Lair:2   | Found a staircase to the Shoals.
 13850 | Lair:2   | Reached ****** piety under Lugonu
 14382 | Lair:2   | Reached XP level 12. HP: 71/100 MP: 18/18
 14590 | Lair:2   | Reached skill level 9 in Invocations
 14822 | Lair:2   | Got a brightly glowing lapis lazuli ring
 16232 | Lair:4   | Found a staircase to the Snake Pit.
 16234 | Lair:4   | Noticed an eight-headed hydra
 16254 | Lair:4   | Killed a one-headed hydra
 17378 | Lair:5   | Noticed a seven-headed hydra
 17387 | Lair:5   | Killed a seven-headed hydra
 17439 | Lair:5   | Noticed a six-headed hydra
 17446 | Lair:5   | Killed a six-headed hydra
 17657 | Lair:5   | Reached XP level 13. HP: 91/108 MP: 20/20
 17698 | Lair:5   | Identified the ring "Waero" {*Drain rC+ rN+++ EV+3} (You
                  | found it on level 2 of the Lair of Beasts)
 17702 | Lair:5   | Found a staircase to the Slime Pits.
 17702 | Lair:5   | Found a viscous altar of Jiyva.
 17705 | Lair:5   | Noticed Nessos
 17980 | Lair:4   | Reached skill level 10 in Invocations
 18015 | Lair:4   | Killed Nessos
 18677 | Lair:6   | Entered Level 6 of the Lair of Beasts
 18701 | Lair:5   | Reached skill level 10 in Maces & Flails
 19389 | Lair:6   | Got a ruby-encrusted chain mail
 19400 | Lair:6   | Identified the cursed +0 chain mail of the Unbroken {rN+
                  | Str+4} (You found it on level 6 of the Lair of Beasts)
 20220 | Lair:6   | Reached skill level 11 in Invocations
 21134 | D:12     | Reached XP level 14. HP: 109/118 MP: 22/22
 21243 | D:12     | Reached skill level 10 in Armour
 21244 | D:12     | Found a staircase to the Orcish Mines.
 21593 | D:13     | Found a flagged portal.
 21610 | Bailey   | Entered a bailey
 22135 | D:13     | Found a gate to the Vaults.
 22333 | D:13     | Found a flickering gateway to a bazaar.
 23729 | D:14     | Found Murawn's Assorted Antiques.
 24276 | D:15     | Entered Level 15 of the Dungeon
 24487 | D:15     | Noticed Rupert
 24489 | D:15     | Paralysed by Rupert for 4 turns
 24594 | D:14     | Killed Rupert
 24594 | D:14     | Reached skill level 12 in Invocations
 25132 | D:15     | Noticed Agnes
 25227 | D:15     | Slain by Agnes

Skill      XL: |  1  2  3  4  5  6  7  8  9 10 11 12 13 14 |
---------------+-------------------------------------------+-----
Armour         | 2 3 4 5 6 7 8 9 10 | 10.8
Dodging        | 1 2 3 4 5 6 7 8 9 |  9.1
Maces & Flails | 1 2 3 4 5 7 8 9 10 11 | 11.5
Fighting       | 4 5 6 7 8 9 |  9.9
Invocations    | 3 4 5 6 7 8 9 11 12 | 12.2
Throwing       | 1 2 |  2.6
Shields        | 1 2 3 4 |  4.2
Axes           | |  1.7

Action                   |  1- 3 |  4- 6 |  7- 9 | 10-12 | 13-15 || total
-------------------------+-------+-------+-------+-------+-------++-------
Melee: Whip              |    70 |   152 |   381 |   881 |  1087 ||  2571
       Kick              |     2 |    26 |    77 |   254 |   414 ||   773
       Hand axe          |       |       |       |    11 |       ||    11
Throw: Javelin           |       |     2 |     5 |     2 |     3 ||    12
       Tomahawk          |       |       |       |     4 |    10 ||    14
Invok: Depart the Abyss  |     1 |       |       |       |       ||     1
       Bend Space        |       |       |       |     1 |       ||     1
       Banish            |       |       |       |     1 |     9 ||    10
Evoke: Wand              |       |       |       |     1 |     1 ||     2
  Use: Scroll            |       |     6 |    14 |     8 |    14 ||    42
       Potion            |       |     2 |     3 |     1 |     6 ||    12
 Stab: Petrified         |       |       |       |       |     1 ||     1
  Eat: Chunk             |       |     6 |    10 |    21 |    16 ||    53
       Ration            |       |       |     2 |     2 |     3 ||     7
Armor: Plate armour      |    74 |     8 |       |       |       ||    82
       Ring mail         |       |    97 |   174 |   456 |    90 ||   817
       Chain mail        |       |       |       |       |   342 ||   342
Dodge: Dodged            |    10 |    71 |   125 |   300 |   343 ||   849
Block: Buckler           |       |       |       |    99 |   105 ||   204
       Shield            |       |       |       |       |   124 ||   124
